 Dungeon Crawl Stone Soup version 0.31-a0-358-gac0dbeb3ab (webtiles) character file.

Game seed: 572656041363081879

546 Newt the Changeling (level 7, 0/57 HPs)
             Began as a Grey Draconian Shapeshifter on July 25, 2023.
             Succumbed to a gnoll's poison
             ... on level 4 of the Dungeon.
             The game lasted 00:04:39 (3480 turns).

Newt the Changeling (Grey Draconian Shapeshifter)   Turns: 3480, Time: 00:04:40

Health: 0/57       AC: 11    Str: 19    XL:     7   Next: 6%
Magic:  7/7        EV: 12    Int:  8    God:
Gold:   205        SH:  5    Dex: 12    Spells: 6/6 levels left

rFire   . . .        f - +0 hand axe (flame)
rCold   . . .        (no shield)
rNeg    . . .        (body armour unavailable)
rPois   .            (helmet currently unavailable)
rElec   .            (cloak currently unavailable)
rCorr   .            (gloves currently unavailable)
SInv    .            (boots currently unavailable)
Will    +....        l - amulet of reflection
Stlth   +            (no ring)
HPRegen 0.29/turn    (no ring)
MPRegen 0.10/turn

%: reflection
@: lethally poisoned (0 -> -21), beast-form, enlightened, flying
A: beast (slay +3), AC +11, amphibious, unfitting armour, cold-blooded
a: Begin Untransformation


You were on level 4 of the Dungeon.
You were a hulking beast.
You visited 1 branch of the dungeon, and saw 5 of its levels.

You collected 205 gold pieces.

Inventory:

Hand Weapons
 f - a +0 hand axe of flaming (weapon)
Missiles
 n - 14 poisoned darts
Armour
 g - a scarf of harm
 k - a +2 pair of gloves
Jewellery
 i - a ring of protection from cold
 l - an amulet of reflection (around neck)
Talismans
 b - a beast talisman
 h - a maw talisman
Scrolls
 c - a scroll of enchant armour
 p - 3 scrolls of identify
Potions
 a - a potion of lignification
 e - a potion of cancellation
 j - a potion of brilliance
 q - a potion of ambrosia {unknown}


   Skills:
 - Level 3.0 Fighting
 - Level 3.0 Axes
 - Level 3.0 Dodging
 - Level 3.0 Unarmed Combat
 + Level 5.5 Shapeshifting


You had 6 spell levels left.
You didn't know any spells.
Your spell library contained the following spells:

 Spells                   Type           Power      Damage    Failure   Level
 Shock                    Conj/Air       0%         1d3       41%         1
 Dazzling Flash           Conj/Hex       0%         N/A       78%         3
 Swiftness                Air            0%         N/A       78%         3
 Airstrike                Air            0%         2d(0-16)  99%         4
 Agony                    Necr           0%         N/A       100%        5
 Silence                  Hex/Air        0%         N/A       100%        5


Dungeon Overview and Level Annotations

Branches:
Dungeon (5/15)
 Temple: D:4-7

Altars:
Wu Jian

Shops:
D:2 :[((   D:3 *:(

Annotations:
D:3 3 runed translucent doors, bahustanut's ghost, amateur TrSh
D:4 1 runed translucent door, RepHenryClay's ghost, weakling KoDe


Innate Abilities, Weirdness & Mutations

You are a hulking beast.
Your limbs bulge with bestial killing power. (Slay +3)
Your dull iron-grey scales are very hard. (AC +11)
You are amphibious.
You cannot fit into any form of body armour.
You are cold-blooded and may be slowed by cold attacks.


Message History

You climb upwards.
Level annotation: 1 runed translucent door, RepHenryClay's ghost, weakling KoDe
There is a stone staircase leading down here.
Unknown command.
You slash the gnoll! You burn the gnoll.
You tail-slap the gnoll, but do no damage.
The gnoll is severely wounded.
You hit the gnoll. You burn the gnoll. You tail-slap the gnoll.
You kill the gnoll!
You slash the gnoll! You burn the gnoll.
Your tail-slap misses the gnoll.
The gnoll is almost dead.
You block the gnoll's attack.
You closely miss the gnoll.
The gnoll is almost dead.
The gnoll hits you with a +0 whip.
You completely miss the gnoll. You tail-slap the gnoll.
You kill the gnoll!
The gnoll hits you from afar with a +2 halberd of venom!
You are poisoned.
Things that are here:
a +0 whip; a +0 flail; a throwing net You feel very sick.
The gnoll hits you with a +2 halberd of venom!
You are lethally poisoned!
You hit the gnoll. You burn the gnoll.
The gnoll is heavily wounded.
You feel extremely sick. The gnoll completely misses you. The gnoll misses you.
You are too injured to fight recklessly!
You hit the gnoll. You burn the gnoll.
The gnoll is severely wounded.
* * * LOW HITPOINT WARNING * * *
You feel extremely sick.
A scorpion comes into view.
The gnoll hits you with a +2 halberd of venom.
* * * LOW HITPOINT WARNING * * *
It was a potion of enlightenment.
You feel very buoyant.
You fly up into the air.
You die...

....# ##..# ####
##..####
#####..######.
.#.....#
#............
.#.....#
#...........
##.>...# #.........#
##.....# #........#
##....## #.>#...#
##....########+)hg(#
##.....#........####
##.....#.......##
.).....#......s#
.......#.....).#
.......#...##......#
##....##...###...###
##....##...##..#....
............+ .#....


You could see a scorpion (wandering) and a gnoll.

Vanquished Creatures
  An ice beast (D:4)
  An ogre (D:3)
  A phantom (D:4)
  A hound (D:4)
  An orc priest (D:3)
  An iguana (D:4)
  Robin (D:4)
  5 gnolls (D:4)
  6 adders
  2 worms
  3 dart slugs
  7 orcs
  5 endoplasms
  2 giant cockroaches
  6 hobgoblins
  5 jackals (D:2)
  7 quokkas
  2 ball pythons
  3 bats
  3 frilled lizards
  17 goblins
  6 kobolds
  2 rats
88 creatures vanquished.

Notes
Turn   | Place    | Note
-------+----------+-------------------------------------------
     0 | D:1      | Newt the Draconian Shapeshifter began the quest for the
                  | Orb.
     0 | D:1      | Reached XP level 1. HP: 16/16 MP: 1/1
   216 | D:1      | Reached XP level 2. HP: 25/25 MP: 2/2
   837 | D:2      | Found Ticag's Antique Weapon Shoppe.
   877 | D:2      | Reached skill level 1 in Axes
   877 | D:2      | Reached XP level 3. HP: 24/31 MP: 3/3
   961 | D:2      | Found an ornate altar of the Wu Jian Council.
  1008 | D:2      | You fall into a shaft and drop 1 floor!
  1009 | D:3      | Found Corr's General Store.
  1075 | D:3      | Found Exzogh's Book Shoppe.
  1089 | D:3      | Noticed an ogre
  1150 | D:2      | Found Nummeol's Armour Emporium.
  1196 | D:2      | Found Ihun's Book Shoppe.
  1205 | D:2      | Reached XP level 4. HP: 38/38 MP: 4/4
  1490 | D:2      | Found Naca's Weapon Boutique.
  1597 | D:3      | Killed an ogre
  1598 | D:3      | Reached XP level 5. HP: 6/45 MP: 5/5
  2111 | D:3      | Found a runed translucent gate.
  2111 | D:3      | Found a runed translucent gate.
  2112 | D:3      | Found a runed translucent gate.
  2129 | D:3      | Noticed bahustanut's ghost (amateur TrSh)
  2232 | D:3      | Found a faded altar of an unknown god.
  2280 | D:3      | Found Ruidghomm's Book Shoppe.
  2280 | D:3      | Found Wuing's Weapon Shoppe.
  2761 | D:4      | Found a runed translucent door.
  2763 | D:4      | Noticed RepHenryClay's ghost (weakling KoDe)
  2769 | D:4      | Noticed Robin
  2779 | D:4      | Reached skill level 4 in Shapeshifting
  2792 | D:4      | Killed Robin
  2793 | D:4      | Reached XP level 6. HP: 18/51 MP: 6/6
  3007 | D:4      | Noticed an ice beast
  3019 | D:4      | Killed an ice beast
  3117 | D:4      | Reached skill level 5 in Shapeshifting
  3315 | D:4      | Your scales start taking on a dull iron-grey colour.
  3315 | D:4      | Reached XP level 7. HP: 13/57 MP: 7/7
  3319 | D:5      | Entered Level 5 of the Dungeon
  3480 | D:4      | Succumbed to a gnoll's poison

Illustrated notes

Levels and vault maps discovered:
D:1:      dpeg_chamrin_arrival_tetris, layout_basic
D:2:      layout_rooms, basic_altar, serial_shops, shop, shop,
          nicolae_shop_tiny_real_fake_doors, nicolae_shop_just_a_little_nook
D:3:      layout_loops_ring, gammafunk_ghost_necromancy, serial_shops, shop,
          nicolae_shop_statue_plus, shop, shop,
          hellmonk_ecumenical_altar_crossroads
D:4:      layout_gridville, gammafunk_ghost_grave, minmay_bent, uniq_robin
D:5:      layout_basic

Skill      XL: |  1  2  3  4  5  6 |
---------------+-------------------+-----
Fighting       | 2 3 |  3.0
Axes           | 1 2 3 |  3.0
Dodging        | 3 |  3.0
Shapeshifting  | 4 5 |  5.5
Unarmed Combat | |  3.0

Action                     |  1- 3 |  4- 6 |  7- 9 || total
---------------------------+-------+-------+-------++-------
  Melee: Unarmed           |    32 |       |       ||    32
         Tailslap          |     6 |    14 |     3 ||    23
         Hand axe          |    58 |   125 |     7 ||   190
         Punch             |       |     1 |       ||     1
    Use: Scroll            |       |     9 |       ||     9
         Potion            |       |     9 |     1 ||    10
   Stab: Sleeping          |     1 |     1 |       ||     2
 Armour: Skin              |    35 |    26 |       ||    61
  Dodge: Dodged            |    67 |    53 |     3 ||   123
  Block: Other             |       |    34 |     1 ||    35
         Reflection        |       |     1 |       ||     1

Table legend: (Time is in decaauts)
 A = Elapsed time spent in this place.
 B = Non-inter-level travel time spent in this place.
 C = Inter-level travel time spent in this place.
 D = Time resting spent in this place.
 E = Time spent auto-exploring this place.
 F = Levels seen in this place.
 G = Mean time per level.
                   A        B        C        D        E       F      G
               +--------+--------+--------+--------+--------+-----+--------+
         Total |   3521 |   3368 |    153 |    581 |   2225 |   5 |  704.2 |
       Dungeon |   3521 |   3368 |    153 |    581 |   2225 |   5 |  704.2 |
               +--------+--------+--------+--------+--------+-----+--------+

Top non-repeatable levels by time:
     D:2: 1013 daAuts
     D:3: 908 daAuts
     D:1: 834 daAuts
     D:4: 601 daAuts
     D:5: 163 daAuts
